 Dungeon Crawl Stone Soup version 0.30.0-29-ga12c61a403 (webtiles) character file.

Game seed: 602832366567740036

121 McKennaii the Conjurer (level 4, 0/33 HPs)
             Began as a Demigod Conjurer on June 5, 2023.
             Slain by a black bear (4 damage)
             ... on level 4 of the Dungeon.
             The game lasted 00:02:35 (2654 turns).

McKennaii the Conjurer (Demigod Conjurer)           Turns: 2654, Time: 00:02:36

Health: 0/33       AC:  2    Str:  8    XL:     4   Next: 49%
Magic:  4/11       EV: 12    Int: 24    God:
Gold:   105        SH:  0    Dex: 12    Spells: 2/9 levels left

rFire   . . .        (no weapon)
rCold   . . .        (no shield)
rNeg    . . .        a - +0 robe
rPois   .            (no helmet)
rElec   .            (no cloak)
rCorr   .            (no gloves)
SInv    .            (no boots)
Will    .....        (no amulet)
Stlth   ++           n - ring of flight
HPRegen 0.25/turn    (no ring)
MPRegen 0.12/turn

%: no passive effects
@: flying
A: high MP 1, forlorn, divine attributes
a: no special abilities


You were on level 4 of the Dungeon.
You visited 1 branch of the dungeon, and saw 4 of its levels.

You collected 105 gold pieces.

Inventory:

Armour
 a - a +0 robe (worn)
Jewellery
 n - a ring of flight (left hand)
Scrolls
 c - 2 scrolls of teleportation {unknown}
 d - 2 scrolls of identify {unknown}
 h - a scroll of enchant armour {unknown}
 k - 2 scrolls of noise {unknown}
 m - a scroll of poison {unknown}
 p - a scroll of fear {unknown}
 q - a scroll of amnesia {unknown}
Potions
 b - a potion of magic
 e - a potion of degeneration {unknown}
 f - 2 potions of heal wounds {unknown}
 g - a potion of attraction {unknown}
 i - a potion of flight {unknown}
 j - a potion of brilliance {unknown}
 l - a potion of berserk rage {unknown}
 o - 3 potions of curing {unknown}


   Skills:
 - Level 1.7 Dodging
 - Level 1.7 Stealth
 + Level 3.2 Spellcasting
 + Level 4.7 Conjurations


You had 2 spell levels left.
You knew the following spells:

 Your Spells              Type           Power      Damage    Failure   Level
a - Magic Dart            Conj           100%       1d8       1%          1
b - Searing Ray           Conj           52%        2d6       2%          2
c - Iskenderun's Mystic   Conj/Tloc      15%        2d5       36%         4

Your spell library contained the following spells:

 Spells                   Type           Power      Damage    Failure   Level
 Cigotuvi's Dreadful Rot  Necr/Pois/Air  6%         N/A       16%         2
 Dazzling Flash           Conj/Hex       30%        N/A       12%         3
 Gell's Gravitas          Tloc           3%         N/A       32%         3
 Teleport Other           Tloc           3%         N/A       32%         3
 Fulminant Prism          Conj/Hex       7%         3d7       36%         4
 Dispel Undead            Necr           3%         3d7       71%         4
 Death Channel            Necr           1%         N/A       100%        6
 Dispersal                Tloc           1%         N/A       100%        6


Dungeon Overview and Level Annotations

Branches:
Dungeon (4/15)
 Temple: D:4-7

Shops:
D:3 :


Innate Abilities, Weirdness & Mutations

You have an increased reservoir of magic. (+10% MP)
You shall have no god before yourself.
Your divine heritage dramatically boosts your attributes as you level up.


Message History

A black bear comes into view.
There are monsters nearby!
The magic dart hits the hobgoblin.
You kill the hobgoblin!
The black bear growls angrily.
A black bear is nearby!
The magic dart hits the black bear.
The black bear is lightly wounded.
A black bear is nearby!
The magic dart hits the black bear.
The black bear is lightly wounded.
The black bear attacks as you move away!
The black bear completely misses you. The black bear claws you.
The black bear misses you.
The black bear attacks as you move away!
The black bear bites you. The black bear barely misses you.
The black bear claws you.
The black bear attacks as you move away!
The black bear bites you!
The black bear claws you but does no damage.
The black bear misses you.
Casting: Magic Dart (safe; 1% risk of failure)
Confirm with . or Enter, or press ? or * to list all spells.
Aiming: Searing Ray (safe; 2% risk of failure)
Press: ? - help, Shift-Dir - straight line, f/p - black bear
Aim: a black bear (lightly wounded, 85% to hit)
The searing ray hits the black bear.
The black bear is moderately wounded. (Press . to maintain the ray.)
The black bear misses you. The black bear claws you.
The black bear claws you but does no damage.
The searing ray misses the black bear.
The black bear bites you but does no damage.
The black bear claws you. The black bear closely misses you.
The searing ray hits the black bear!
The black bear is severely wounded.
The black bear bites you!
* * * LOW HITPOINT WARNING * * *
The black bear claws you.
You die...

# #####..#####.#
#..#........>...#
#......#......##
##.......##.#.#
#######......#
####### #.......#
#.....###..#..#.#
#.....##......#...
#<....@h.........
#.....##.........
#.....###.......##
####### #.#######
#.. ###. .# #


You could see a black bear.

Vanquished Creatures
  An orc wizard (D:3)
  4 gnolls (D:2)
  A dart slug (D:1)
  4 orcs (D:3)
  2 bats (D:1)
  3 endoplasms
  3 giant cockroaches
  4 goblins
  7 hobgoblins
  6 jackals
  2 kobolds (D:1)
  A quokka (D:1)
  5 ball pythons
  2 frilled lizards
  3 rats (D:1)
48 creatures vanquished.

Notes
Turn   | Place    | Note
-------+----------+-------------------------------------------
     0 | D:1      | McKennaii the Demigod Conjurer began the quest for the Orb.
     0 | D:1      | Reached XP level 1. HP: 14/14 MP: 5/5
   436 | D:1      | Reached XP level 2. HP: 20/20 MP: 4/7
   528 | D:1      | Learned a level 2 spell: Searing Ray
   651 | D:1      | Reached skill level 4 in Conjurations
  1350 | D:2      | Reached XP level 3. HP: 17/26 MP: 4/9
  1959 | D:3      | Reached XP level 4. HP: 33/33 MP: 9/11
  2395 | D:3      | Found Ytustrem's Book Boutique.
  2608 | D:4      | Learned a level 4 spell: Iskenderun's Mystic Blast
  2633 | D:4      | Noticed a black bear
  2654 | D:4      | Slain by a black bear

Illustrated notes

Levels and vault maps discovered:
D:1:      minmay_arrival_three_doors, layout_basic
D:2:      layout_basic, basic_altar
D:3:      layout_loops_ring, nemelex_xobeh_ov_fountains_minmay,
          hellmonk_ecumenical_altar_blasted, serial_shops, shop,
          minmay_misc_feat_columns, minmay_fountain_box
D:4:      layout_loops_cross, lemuel_round_altar

Skill      XL: |  1  2  3 |
---------------+----------+-----
Spellcasting   | 2 3 |  3.2
Conjurations   | 4 |  4.7
Dodging        | |  1.7
Stealth        | |  1.7

Action                     |  1- 3 |  4- 6 || total
---------------------------+-------+-------++-------
  Melee: Unarmed           |    23 |     8 ||    31
   Cast: Magic Dart        |    69 |    26 ||    95
         Searing Ray       |     2 |     1 ||     3
 Armour: Robe              |     1 |     6 ||     7
  Dodge: Dodged            |    29 |    11 ||    40
